Map: Ice and Chrome LE

Players

llIllIllIlll

  • Race: Protoss Protoss
  • League: Grandmaster
  • Spawn Location: 1:00

YTYT - Winner!

  • Race: Terran Terran
  • League: Grandmaster
  • Spawn Location: 7:00

VOD

Have the link to the VOD?

Description

Time

  • Played on: June 21, 2020, 9:24 a.m.
  • Length: 10:53
Show
View Real Time Build Order
Export as new Build Order

llIllIllIlll Protoss 

Build Orders: 1 Gate Expand, Phoenix Opening, Colossus Rush 

Get SALT Encoding   

  12  0:00  Probe  
  13  0:12  Probe  
  14  0:17  Pylon  
  14  0:24  Probe  
  15  0:32  Probe  
  15  0:37  Gateway  
  15  0:40  Probe  
  16  0:46  Assimilator  
  17  0:51  Probe  
  18  1:03  Probe  
  19  1:15  Probe  
  20  1:23  Nexus  
  20  1:33  Cybernetics Core  
  20  1:36  Probe  
  21  1:41  Assimilator  
  21  1:48  Probe  
  21  1:51  Pylon  
  22  1:59  Stalker  
  22  2:00  Probe  
  23  2:08  Probe  
  23  2:10  Warp Gate  
  26  2:16  Probe  
  27  2:28  Probe  
  29  2:30  Sentry  
  29  2:31  Probe  
  30  2:39  Probe  
  30  2:40  Probe  
  32  2:51  Probe  
  32  2:54  Probe  
  34  2:58  Gateway  
  34  3:01  Sentry, Gateway  
  34  3:02  Probe  
  34  3:03  Phoenix  
  37  3:07  Probe  
  37  3:10  Probe  
  38  3:13  Robotics Facility  
  38  3:18  Probe  
  38  3:19  Probe  
  41  3:31  Probe  
  41  3:33  Nexus  
  42  3:34  Pylon, Probe  
  43  3:43  Probe  
  43  3:44  Pylon  
  43  3:46  Assimilator, Probe  
  45  3:50  Assimilator  
  45  3:54  Observer  
  45  3:55  Probe  
  46  3:58  Probe  
  46  4:01  Robotics Bay  
  48  4:07  Probe  
  48  4:09  Shield Battery  
  49  4:10  Probe  
  49  4:15  Observer  
  50  4:19  Shield Battery, Probe  
  50  4:20  Stalker  
  50  4:23  Probe  
  55  4:25  Immortal  
  55  4:30  Pylon  
  55  4:31  Probe  
  55  4:35  Probe  
  61  4:43  Probe  
  62  4:46  Probe  
  62  4:47  Probe  
  64  4:55  Probe  
  64  4:56  Gateway x2  
  64  4:59  Colossus, Probe x2  
  67  5:00  Gateway  
  67  5:14  Probe  
  74  5:16  Stalker  
  74  5:17  Probe  
  74  5:21  Shield Battery  
  77  5:22  Zealot  
  77  5:24  Stalker  
  77  5:26  Probe  
  77  5:27  Probe  
  83  5:33  Probe  
  83  5:34  Pylon  
  83  5:35  Pylon  
  84  5:38  Probe  
  85  5:43  Colossus, Pylon  
  85  5:52  Probe x2  
  93  5:58  Zealot x4  
  93  6:01  Assimilator  
  95  6:12  Probe x2  
  95  6:14  Stalker x2  
  95  6:16  Probe  
  86  6:24  Probe x2  
  85  6:26  Colossus  
  85  6:28  Probe  
  85  6:31  Assimilator  
  86  6:35  Twilight Council, Pylon  
  86  6:39  Sentry x2  
  96  6:42  Forge, Probe x2  
  96  6:45  Extended Thermal Lance  
  94  6:55  Probe  
  94  6:56  Probe  
  94  6:57  Stalker  
  98  7:07  Charge  
  98  7:08  Protoss Ground Armor Level 1  
  98  7:10  Colossus  
  98  7:22  Photon Cannon, Gateway  
  104  7:24  Probe  
  104  7:26  Gateway  
  104  7:27  Gateway  
  106  7:32  Gateway  
  106  7:33  Photon Cannon, Gateway  
  106  7:35  Photon Cannon  
  106  7:37  Phoenix  
  105  7:43  Pylon, Templar Archives  
  105  7:55  Nexus  
  105  7:56  Warp Prism  
  105  7:57  Pylon x2  
  105  7:58  Shield Battery, Pylon  
  107  8:09  Zealot x5  
  107  8:12  Pylon  
  117  8:20  Pylon  
  117  8:21  Archon  
  117  8:23  High Templar x3  
  117  8:24  High Templar  
  125  8:28  Photon Cannon  
  125  8:30  Observer  
  125  8:31  Archon x2  
  125  8:33  High Templar  
  128  8:36  Zealot, High Templar  
  128  8:37  Zealot x4  
  140  8:41  Pylon  
  140  8:43  Archon, Pylon  
  140  8:55  Zealot x2  
  144  8:56  Zealot x2  
  144  9:02  Zealot, High Templar x2  
  154  9:03  Zealot x2  
  154  9:05  Zealot  
  154  9:06  Archon  
  158  9:16  Zealot, High Templar x2  
  158  9:17  Zealot x3  
  168  9:20  Archon  
  170  9:30  Zealot x2  
  162  9:32  Zealot  
  162  9:34  Zealot x2  
  162  9:37  Zealot x3  
  162  9:38  Zealot  
  112  9:52  Stalker x3  
  96  9:53  Zealot x2  
  84  10:04  Zealot x6  
  94  10:13  High Templar x2  
  98  10:15  High Templar x2  
  98  10:17  High Templar  
  104  10:22  Archon x2  
  104  10:24  Zealot  
  104  10:25  Zealot x5  
Show
View Real Time Build Order
Export as new Build Order

YTYT Terran - Winner!

Build Orders: Reaper Expand, Mech, Banshee Rush 

Get SALT Encoding   

  12  0:01  SCV  
  13  0:13  SCV  
  14  0:17  Supply Depot  
  14  0:26  SCV  
  15  0:39  SCV  
  15  0:40  Barracks  
  16  0:43  Refinery  
  16  0:51  SCV  
  17  1:03  SCV  
  18  1:15  SCV  
  19  1:27  Orbital Command, Reaper  
  20  1:40  Command Center  
  20  1:49  Supply Depot  
  20  1:54  SCV  
  21  1:59  Marine  
  22  2:06  SCV  
  23  2:10  Factory  
  23  2:16  Bunker  
  23  2:20  SCV  
  23  2:22  Barracks Reactor  
  24  2:32  SCV  
  24  2:34  Refinery  
  25  2:44  SCV  
  26  2:53  Hellion  
  26  2:54  Orbital Command  
  26  2:56  SCV  
  28  2:59  Starport  
  28  3:00  Marine  
  28  3:01  Marine  
  30  3:08  SCV  
  31  3:15  Factory Tech Lab  
  31  3:18  Marine  
  31  3:19  Marine  
  33  3:20  SCV x2  
  35  3:32  SCV  
  35  3:33  SCV  
  37  3:36  Marine  
  37  3:37  Marine  
  37  3:40  Factory Tech Lab  
  39  3:41  Cloaking Field  
  39  3:43  Supply Depot  
  39  3:44  SCV  
  39  3:45  SCV  
  39  3:46  Banshee  
  44  3:54  Supply Depot  
  44  3:55  Marine x2  
  46  4:04  SCV x2  
  46  4:09  Siege Tank  
  51  4:13  Supply Depot, Marine x2  
  51  4:17  SCV x2  
  55  4:29  Banshee, SCV x2  
  55  4:31  Marine x2  
  60  4:37  Command Center  
  60  4:41  SCV x2  
  60  4:42  Supply Depot  
  62  4:49  Marine x2  
  62  4:51  Siege Tank  
  67  4:53  Refinery  
  67  4:54  SCV  
  67  4:55  Refinery, SCV  
  69  5:05  Supply Depot  
  69  5:06  SCV, Marine  
  69  5:07  SCV, Marine  
  71  5:12  Banshee  
  76  5:18  SCV  
  77  5:24  Marine  
  77  5:26  Supply Depot x2, SCV, Marine  
  77  5:27  Siege Tank  
  83  5:30  SCV  
  83  5:32  Supply Depot  
  84  5:38  SCV  
  84  5:41  Supply Depot  
  84  5:42  SCV  
  86  5:50  SCV  
  86  5:53  Factory  
  86  5:54  SCV  
  86  5:55  Factory  
  85  6:01  Armory  
  85  6:03  SCV  
  74  6:15  Siege Tank  
  74  6:16  SCV x2  
  73  6:23  Orbital Command  
  70  6:28  SCV  
  70  6:29  Starport Tech Lab  
  70  6:31  SCV  
  70  6:32  Refinery  
  69  6:37  Refinery  
  69  6:39  Hellion x2, Bunker  
  73  6:40  SCV  
  73  6:43  SCV  
  75  6:48  Thor  
  75  6:49  Thor  
  75  6:51  SCV  
  88  6:56  Terran Vehicle Weapons Level 1  
  88  6:57  SCV  
  88  6:58  SCV  
  88  6:59  Supply Depot  
  90  7:03  Hellion, SCV  
  90  7:05  Banshee  
  96  7:09  SCV  
  96  7:11  SCV  
  100  7:16  Hellion  
  100  7:18  SCV  
  100  7:20  Engineering Bay  
  100  7:21  SCV  
  102  7:23  Supply Depot  
  102  7:24  Hellion  
  102  7:27  SCV  
  105  7:30  SCV  
  105  7:31  Thor  
  105  7:32  Thor  
  120  7:37  Hellion  
  120  7:40  Supply Depot  
  120  7:42  Supply Depot  
  120  7:45  Hellion  
  120  7:47  Banshee  
  125  7:53  Missile Turret x2  
  125  7:57  Infernal Pre-Igniter, Factory  
  125  7:59  Factory  
  125  8:00  Hellion, Smart Servos  
  127  8:07  Hellion  
  127  8:10  Command Center  
  129  8:14  Hellion  
  129  8:16  Supply Depot  
  129  8:19  Supply Depot  
  131  8:20  Thor  
  137  8:28  Hellion x2  
  137  8:30  Banshee  
  137  8:31  Hyperflight Rotors  
  144  8:37  Supply Depot  
  144  8:39  Supply Depot  
  144  8:41  Thor  
  150  8:46  Factory Reactor, Factory Tech Lab, Supply Depot  
  150  8:50  Hellion  
  150  8:51  Hellion  
  150  8:55  Terran Vehicle And Ship Armor Level 1  
  154  8:57  Supply Depot  
  154  9:01  Supply Depot  
  146  9:05  Thor  
  152  9:11  Hellion  
  152  9:14  Banshee  
  157  9:22  Thor  
  157  9:23  Command Center  
  159  9:35  Thor  
  138  9:39  Hellion x2  
  138  9:40  SCV  
  138  9:41  Hellion  
  138  9:42  Hellion  
  128  9:47  SCV  
  128  9:48  Hellion  
  112  9:57  Banshee  
  112  9:58  SCV  
  110  10:00  Hellion, SCV  
  110  10:05  Thor  
  115  10:09  Orbital Command  
  115  10:20  Hellion x2  
  123  10:32  Hellion  
  127  10:36  SCV  
Tags
 
Add a new tag
Caveats
  • Supply blocks, unpowered buildings, or Contaminate may cause inaccurate times.
  • Supply counts are checked every 10 seconds.